 Dungeon Crawl Stone Soup version 0.25.1-2-g60ff931df9 (webtiles) character file.

Game seed: 7093020318243548845

14053 Garessta the Fighter (level 11, -2/92 HPs)
             Began as a Demonspawn Fighter on Oct 16, 2020.
             Was a High Priest of Makhleb.
             Slain by a sixfirhy (9 damage)
             ... on level 2 of the Abyss.
             The game lasted 00:30:29 (11900 turns).

Garessta the Fighter (Demonspawn Fighter)          Turns: 11900, Time: 00:30:29

Health: -2/92      AC: 22    Str: 19    XL:     11   Next: 83%
Magic:  17/17      EV:  5    Int: 11    God:    Makhleb [*****.]
Gold:   520        SH: 11    Dex: 12    Spells: 10/10 levels left

rFire    + . .     SeeInvis .   v - +4 war axe (freeze)
rCold    . . .     Gourm    .   c - +0 kite shield
rNeg     . . .     Faith    .   o - +1 plate armour
rPois    .         Spirit   .   (helmet restricted)
rElec    .         Reflect  .   x - +0 cloak
rCorr    +         Harm     .   F - +0 pair of gloves
MR       .....                  (no boots)
Stlth    ..........             (no amulet)
HPRegen  0.25/turn              D - ring of resist corrosion
MPRegen  0.15/turn              C - +4 ring of protection

@: very slightly contaminated, hasted, invisible, very quick
A: beak, horns 2, rugged brown scales 1, fire resistance 1, foul stench 2, sense
surroundings 1, spiny 1, rot immunity
a: Minor Destruction, Lesser Servant of Makhleb, Major Destruction, Greater
Servant of Makhleb, Renounce Religion


You were on level 2 of the Abyss.
You worshipped Makhleb.
Makhleb was extremely pleased with you.
You were not hungry.

You visited 1 branch of the dungeon, and saw 11 of its levels.
You visited the Abyss 1 time.

You collected 610 gold pieces.
You spent 90 gold pieces at shops.

Inventory:

Hand Weapons
 v - a +4 war axe of freezing (weapon)
Armour
 c - a +0 kite shield (worn)
 o - a +1 plate armour (worn)
 x - a +0 cloak (worn)
 F - a +0 pair of gloves (worn)
Jewellery
 w - an uncursed ring of fire
 C - a +4 ring of protection (right hand)
 D - a ring of resist corrosion (left hand)
Wands
 k - a wand of polymorph (8)
 m - a wand of flame (28)
 s - a wand of acid (22)
 t - a wand of disintegration (2)
 y - a wand of random effects (17)
 B - a wand of paralysis (5)
Scrolls
 h - a scroll of fog
 i - 3 scrolls of amnesia
 n - 4 scrolls of magic mapping
 p - a scroll of remove curse
 q - 5 scrolls of teleportation
 z - a scroll of fear
 G - 4 scrolls of identify
 H - a scroll of vulnerability {unknown}
Potions
 a - 2 potions of resistance
 b - 5 potions of curing
 d - 3 potions of might
 g - 2 potions of flight
 r - 3 potions of lignification
 u - 2 potions of berserk rage
 A - 3 potions of brilliance
Comestibles
 f - 18 rations


   Skills:
 + Level 9.6 Fighting
 + Level 8.6 Axes
 + Level 8.8 Armour
 + Level 8.8 Shields
 + Level 8.7 Invocations


You had 10 spell levels left.
You didn't know any spells.
Your spell library contained the following spells:

 Spells                   Type           Power        Failure   Level  Hunger
 Summon Small Mammal      Summ           #...         100%        1    ##.....
 Call Imp                 Summ           #.......     100%        2    ###....
 Call Canine Familiar     Summ           #.......     100%        3    ####...
 Summon Guardian Golem    Hex/Summ       #.......     100%        3    ####...
 Summon Ice Beast         Ice/Summ       #.......     100%        4    #####..
 Summon Lightning Spire   Summ/Air       #.......     100%        4    #####..


Dungeon Overview and Level Annotations

Branches:
Dungeon (11/15)            Temple (0/1) D:4            Lair (0/6) D:9
    Orc: D:9-12

Altars:
Cheibriados
Fedhas
Hepliaklqana
Kikubaaqudgha
Makhleb
Nemelex Xobeh
Okawaru
Ru
Sif Muna
Vehumet
Wu Jian
Zin
The Shining One

Annotations:
D:11 Sonja


Innate Abilities, Weirdness & Mutations

You have a pair of horns on your head.
You are partially covered in rugged brown scales. (AC +1, +3% HP)
Your flesh is heat resistant. (rF+)
You frequently emit foul miasma when damaged in melee.
You are partially covered in sharp spines.
You are immune to rotting.
You have a beak for a mouth.
You passively map a small area around you.


Message History

You feel yourself speed up.
The sixfirhy hits you but does no damage.
The sixfirhy hits you but does no damage.
The sixfirhy is struck by your spines. The sixfirhy hits you.
* * * LOW HITPOINT WARNING * * *
The sixfirhy shocks you!
* * * LOW HITPOINT WARNING * * *
You emit a cloud of foul miasma!
Okay, then.
Press: ? - help, v - describe, . - travel
Here: a sixfirhy (moderately wounded)
The floor.
You fade into invisibility!
You are very lightly contaminated with residual magic.
The sixfirhy barely misses you.
The sixfirhy hits you but does no damage.
You block the sixfirhy's attack. The sixfirhy hits you.
* * * LOW HITPOINT WARNING * * *
The sixfirhy shocks you!
You die...

#. ##..4.. .
### ##u.x.##.
#....#u#.. #..
####..##......
####..3u##
#...#.
#.#.#### .#
###.#.###
....# #.##..#
..... #@3..#
###.#.# ##.#.#
##... ..# ##


You could see a sixfirhy.

Vanquished Creatures
  A two-headed ogre (D:11)
  Erica (D:8)
  A manticore (D:11)
  A cyclops (D:11)
  Maggie (D:9)
  A gargoyle (D:9)
  2 trolls (D:9)
  2 raiju (Abyss:2)
  Grinder (D:4)
  6 hippogriffs
  15 yaks (D:9)
  4 hogs (D:7)
  A human (D:7)
  A hungry ghost (D:10)
  A chaos spawn (Abyss:2)
  Menkaure (D:6)
  4 porcupines (D:9)
  A water moccasin (D:8)
  6 orc warriors
  An ice beast (D:9)
  A black bear (D:8)
  2 sky beasts (D:11)
  An eye of draining (D:8)
  5 ogres
  2 phantoms
  3 centaurs
  3 crocodiles (D:9)
  5 bullfrogs
  3 big kobolds
  5 scorpions
  A water moccasin skeleton (D:5)
  4 killer bees (D:10)
  12 wights
  2 vampire bats (D:5)
  2 howler monkeys
  A bullfrog zombie (D:7)
  5 crimson imps
  2 centaur zombies
  A gnoll shaman (D:7)
  2 jellies
  2 centaur skeletons
  5 orc priests
  5 hounds
  10 orc wizards
  A bullfrog skeleton (D:7)
  13 worker ants
  2 killer bee zombies
  A hound skeleton (D:7)
  A worker ant zombie (D:5)
  10 gnolls
  14 adders
  An ooze (D:4)
  3 adder zombies
  3 worms
  2 dart slugs
  3 leopard geckos
  45 orcs
  2 bat skeletons (D:5)
  4 bat zombies (D:5)
  5 giant cockroaches
  8 goblins
  5 hobgoblins
  3 jackals (D:3)
  9 quokkas
  A ball python (D:2)
  8 bats
  4 frilled lizards
  A jackal skeleton (D:8)
  25 kobolds
  A leopard gecko skeleton (D:4)
  A quokka skeleton (D:4)
  7 rats
  A plant (D:9)
320 creatures vanquished.

Vanquished Creatures (others)
  6 starspawn tentacles (Abyss:2)
6 creatures vanquished.

Grand Total: 326 creatures vanquished

Notes
Turn   | Place    | Note
-------+----------+-------------------------------------------
     0 | D:1      | Garessta the Demonspawn Fighter began the quest for the
                  | Orb.
     0 | D:1      | Reached XP level 1. HP: 18/18 MP: 1/1
   294 | D:1      | Gained mutation: You are immune to rotting. [demonic
                  | ancestry]
   294 | D:1      | Reached XP level 2. HP: 24/24 MP: 2/2
   723 | D:1      | Found a sparkling altar of Nemelex Xobeh.
  1011 | D:2      | Found a faded altar of an unknown god.
  1014 | D:2      | Gained mutation: You occasionally shout uncontrollably at
                  | your foes. [potion of mutation]
  1014 | D:2      | Gained mutation: You have a pair of small horns on your
                  | head. [potion of mutation]
  1014 | D:2      | Gained mutation: You have a pair of horns on your head.
                  | [potion of mutation]
  1015 | D:2      | Lost mutation: You occasionally shout uncontrollably at
                  | your foes. [potion of mutation]
  1015 | D:2      | Lost mutation: You have a pair of horns on your head.
                  | [potion of mutation]
  1015 | D:2      | Lost mutation: You have a pair of small horns on your head.
                  | [potion of mutation]
  1015 | D:2      | Gained mutation: You are resistant to hostile enchantments.
                  | (MR+) [potion of mutation]
  1015 | D:2      | Gained mutation: You have very sharp teeth. [potion of
                  | mutation]
  1015 | D:2      | Gained mutation: You have a pair of small horns on your
                  | head. [potion of mutation]
  1015 | D:2      | Gained mutation: You passively map a small area around you.
                  | [potion of mutation]
  1071 | D:2      | Reached XP level 3. HP: 29/29 MP: 3/3
  1725 | D:3      | Gained mutation: You may emit foul miasma when damaged in
                  | melee. [demonic ancestry]
  1725 | D:3      | Reached XP level 4. HP: 30/35 MP: 4/4
  2683 | D:3      | Gained mutation: You frequently emit foul miasma when
                  | damaged in melee. [demonic ancestry]
  2683 | D:3      | Reached XP level 5. HP: 36/42 MP: 5/5
  2766 | D:3      | Reached skill level 4 in Fighting
  2774 | D:3      | Lost mutation: You have a pair of small horns on your head.
                  | [potion of mutation]
  2774 | D:3      | Lost mutation: You have very sharp teeth. [potion of
                  | mutation]
  2774 | D:3      | Lost mutation: You are resistant to hostile enchantments.
                  | (MR+) [potion of mutation]
  2774 | D:3      | Lost mutation: You passively map a small area around you.
                  | [potion of mutation]
  2774 | D:3      | Gained mutation: You passively map a small area around you.
                  | [potion of mutation]
  2774 | D:3      | Gained mutation: You have a beak for a mouth. [potion of
                  | mutation]
  3115 | D:3      | Found a radiant altar of Vehumet.
  3115 | D:3      | Found a burning altar of Makhleb.
  3130 | D:3      | Became a worshipper of Makhleb the Destroyer
  3245 | D:4      | Noticed Grinder
  3259 | D:4      | Paralysed by Grinder for 5 turns
  3265 | D:4      | Killed Grinder
  3265 | D:4      | Gained mutation: You have a pair of small horns on your
                  | head. [demonic ancestry]
  3265 | D:4      | Reached XP level 6. HP: 34/49 MP: 6/6
  3396 | D:4      | Found an iron altar of Okawaru.
  3670 | D:4      | Found a staircase to the Ecumenical Temple.
  3998 | D:4      | Reached XP level 7. HP: 55/55 MP: 7/7
  4369 | D:4      | Reached skill level 5 in Fighting
  4400 | D:5      | Entered Level 5 of the Dungeon
  5002 | D:5      | Reached * piety under Makhleb
  5004 | D:5      | Reached skill level 5 in Armour
  5004 | D:5      | Gained mutation: You are partially covered in sharp spines.
                  | [demonic ancestry]
  5004 | D:5      | Reached XP level 8. HP: 63/63 MP: 8/8
  5018 | D:5      | Found an ancient bone altar of Kikubaaqudgha.
  5028 | D:5      | Reached skill level 5 in Shields
  5438 | D:5      | Found a glowing golden altar of the Shining One.
  6035 | D:6      | Reached skill level 5 in Axes
  6040 | D:6      | Reached skill level 6 in Fighting
  6520 | D:6      | Reached ** piety under Makhleb
  6571 | D:6      | Found an ornate altar of the Wu Jian Council.
  6571 | D:6      | Noticed Menkaure
  6581 | D:6      | Killed Menkaure
  6581 | D:6      | Gained mutation: You are partially covered in rugged brown
                  | scales. (AC +1, +3% HP) [demonic ancestry]
  6581 | D:6      | Reached XP level 9. HP: 26/73 MP: 9/9
  6828 | D:6      | Found a hazy altar of Hepliaklqana.
  6899 | D:6      | Found a shimmering blue altar of Sif Muna.
  7419 | D:7      | Found Zin's Purification Station.
  7424 | D:7      | Found a glowing silver altar of Zin.
  7427 | D:7      | Bought a potion of curing for 90 gold pieces
  7614 | D:7      | Found a hazy altar of Hepliaklqana.
  7816 | D:7      | Reached skill level 1 in Invocations
  7822 | D:7      | Reached skill level 7 in Fighting
  8151 | D:7      | Reached *** piety under Makhleb
  8264 | D:7      | Gained mutation: You have a pair of horns on your head.
                  | [demonic ancestry]
  8264 | D:7      | Reached XP level 10. HP: 81/81 MP: 13/13
  8864 | D:8      | Reached skill level 5 in Invocations
  8870 | D:8      | Reached skill level 8 in Fighting
  9035 | D:8      | Found a snail-covered altar of Cheibriados.
  9035 | D:8      | Noticed Erica
  9049 | D:8      | Killed Erica
  9051 | D:8      | Reached **** piety under Makhleb
  9304 | D:8      | Found a blossoming altar of Fedhas.
  9449 | D:9      | Found a staircase to the Lair.
  9569 | D:9      | Gained mutation: Your flesh is heat resistant. (rF+)
                  | [demonic ancestry]
  9569 | D:9      | Reached XP level 11. HP: 89/89 MP: 16/16
  9758 | D:9      | Found a sacrificial altar of Ru.
  9830 | D:9      | Reached ***** piety under Makhleb
  9831 | D:9      | Reached skill level 9 in Fighting
  9982 | D:9      | Noticed Maggie
  9995 | D:9      | Killed Maggie
 10025 | D:9      | You fall into a shaft and drop 1 floor!
 10025 | D:10     | Entered Level 10 of the Dungeon
 11217 | D:11     | Noticed a two-headed ogre
 11230 | D:11     | Killed a two-headed ogre
 11526 | D:11     | Noticed Sonja
 11532 | D:11     | Cast into level 2 of the Abyss (Sonja)
 11711 | Abyss:2  | Found a corrupted altar of Lugonu.
 11745 | Abyss:2  | HP: 4/91 [raiju/living lightning (15)]
 11802 | Abyss:2  | Noticed a large abomination
 11841 | Abyss:2  | Noticed a tentacled starspawn
 11869 | Abyss:2  | Noticed a sixfirhy
 11873 | Abyss:2  | Noticed a purple very ugly thing
 11873 | Abyss:2  | Noticed a purple ugly thing
 11873 | Abyss:2  | Noticed a purple ugly thing
 11876 | Abyss:2  | Noticed a purple very ugly thing
 11900 | Abyss:2  | Slain by a sixfirhy

Illustrated notes

Levels and vault maps discovered:
D:1:      noname_arrival_rooms_in_the_neighbourhood, layout_basic,
          nemelex_diamond_rough_becter
D:2:      layout_loops_cross, chequers_ecumenical_altar_simple_redux,
          first_ration, serial_bayou_pond_b
D:3:      layout_loops_ring, grunt_temple_overflow_lords_of_destruction,
          minmay_fractal_squares_gapless_5
D:4:      layout_cave_pods, nicolae_overflow_crystal_walls,
          minmay_temple_entry_crystal_x, kennysheep_generic_room_15,
          uniq_grinder
D:5:      layout_cave_pods, kennysheep_vampire_church, lemuel_round_altar
D:6:      layout_loops_cross, overflow_temple_1_default, lemuel_blue_sif_altar,
          basic_altar, uniq_menkaure
D:7:      layout_loops_corners, marbit_many_paths, zin_purify, grunt_livestock,
          minmay_curled_crystal
D:8:      layout_rooms, slow_altar_2, fedhas_altar_2, uniq_erica
D:9:      layout_rooms, lemuel_round_altar, minmay_lair_entry_grove,
          serial_corexii_hall, corexii_hall_statues_t, corexii_hall_statues_i,
          minmay_radiant, uniq_maggie
D:10:     layout_stronghold, serial_column_ruins, column_ruins_columns_dead_end,
          column_ruins_open_tiny, column_ruins_open_tiny, column_ruins_grid_4,
          column_ruins_open_tiny_water
D:11:     minmay_klotski, layout_irregular_city, uniq_sonja
Abyss:2:  base:
D:8

Skill      XL: |  1  2  3  4  5  6  7  8  9 10 11 |
---------------+----------------------------------+-----
Axes           | 2 3 4 5 6 7 8 |  8.6
Armour         | 3 4 5 6 7 8 |  8.8
Shields        | 3 4 6 7 8 |  8.8
Fighting       | 4 5 6 7 8 9 |  9.6
Invocations    | 4 6 8 |  8.7

Action                   |  1- 3 |  4- 6 |  7- 9 | 10-12 || total
-------------------------+-------+-------+-------+-------++-------
Melee: War axe           |   138 |   182 |   273 |   279 ||   872
       Headbutt          |     4 |    20 |    45 |    56 ||   125
       Bite              |     5 |     3 |       |       ||     8
       Peck              |       |    18 |    37 |    42 ||    97
Invok: Minor Destruction |       |       |       |    13 ||    13
       Lesser Servant of |       |       |       |     2 ||     2
Evoke: Wand              |       |       |    11 |     3 ||    14
  Use: Scroll            |     6 |     3 |     3 |    12 ||    24
       Potion            |     3 |     1 |       |     6 ||    10
  Eat: Chunk             |     3 |     7 |    14 |    11 ||    35
       Ration            |       |       |       |     1 ||     1
Armor: Scale mail        |    94 |    21 |       |       ||   115
       Plate armour      |       |    84 |   160 |   202 ||   446
Dodge: Dodged            |    52 |    29 |    47 |    56 ||   184
Block: Kite shield       |    79 |    99 |   171 |   176 ||   525
